 Dungeon Crawl Stone Soup version 0.30-a0-949-g53dc5368d7 (webtiles) character file.

Game seed: 1554636273007915655

3420 mopl the Bludgeoner (level 10, -1/83 HPs)
             Began as a Meteoran Berserker on Mar 27, 2023.
             Was an Elder of Trog.
             Slain by a sleepcap (8 damage)
             ... on level 7 of the Dungeon.
             The game lasted 00:11:39 (2671 turns).

mopl the Bludgeoner (Meteoran Berserker)            Turns: 2671, Time: 00:11:39

Health: -1/83      AC: 14    Str: 21    XL:     10   Next: 49%
Magic:  11/11      EV:  2    Int:  8    God:    Trog [****..]
Gold:   264        SH:  0    Dex: 17    Spells: 9/9 levels left

rFire   . . .      SeeInvis .    a - +4 morningstar
rCold   + . .      Faith    .    (no shield)
rNeg    . . .      Spirit   .    B - +0 plate armour
rPois   .          Reflect  +    (no helmet)
rElec   .          Rampage  .    (no cloak)
rCorr   .                        j - +0 pair of gloves
Will    ++...                    (no boots) Stlth
                                 z - amulet of reflection
HPRegen 0.33/turn                n - ring of protection from cold
MPRegen 0.12/turn                h - ring of willpower

@: sleeping, on berserk cooldown, slowed, glowing, studying Maces & Flails
A: sense surroundings 2, otherworldly, glowing, explore regen
a: Renounce Religion, Berserk, Trog's Hand, Brothers in Arms


You were on level 7 of the Dungeon.
You worshipped Trog.
Trog was greatly pleased with you.
You visited 1 branch of the dungeon, and saw 7 of its levels.
You also visited: Ossuary.

You collected 397 gold pieces.
You spent 133 gold pieces at shops.

Inventory:

Hand Weapons
 a - a +4 morningstar (weapon)
Missiles
 b - 4 poisoned darts (quivered)
 q - a boomerang
Armour
 j - a +0 pair of gloves (worn)
 m - a +0 tower shield
 B - a +0 plate armour (worn)
Jewellery
 h - a ring of willpower (right hand)
 n - a ring of protection from cold (left hand)
 z - an amulet of reflection (around neck)
Scrolls
 d - 2 scrolls of teleportation {unknown}
 i - 3 scrolls of blinking {unknown}
 o - 9 scrolls of identify
 p - a scroll of poison
 r - a scroll of enchant armour {unknown}
 t - 3 scrolls of fog {unknown}
 v - 2 scrolls of brand weapon {unknown}
 x - a scroll of immolation
 y - a scroll of magic mapping {unknown}
 A - a scroll of silence {unknown}
Potions
 c - a potion of flight {unknown}
 e - 2 potions of might {unknown}
 f - 3 potions of attraction {unknown}
 g - a potion of haste {unknown}
 k - 3 potions of heal wounds
 l - 3 potions of curing {unknown}
 s - 2 potions of cancellation {unknown}
 u - a potion of lignification {unknown}
 w - 2 potions of brilliance {unknown}


   Skills:
 + Level 6.0 Fighting
 * Level 15.3 Maces & Flails
 + Level 5.4 Throwing
 + Level 6.0 Armour
 + Level 6.0 Dodging


You had 9 spell levels left.
You didn't know any spells.
Your spell library was empty.

Dungeon Overview and Level Annotations

Branches:
Dungeon (7/15) Zot: 1833   Temple (0/1) D:4         Ossuary (visited)

Altars:
Trog

Shops:
D:3 *??


Innate Abilities, Weirdness & Mutations

You passively map the area around you.
You are easily found by Zot.
You glow in the dark.
You regain HP and MP as you explore.


Message History

Trog accepts your kill.
The gnoll hits you from afar with a +0 spear.
* * * LOW HITPOINT WARNING * * *
The gnoll barely misses you.
Things that are here:
a +0 whip; a scroll of identify; a gnoll corpse You sock the gnoll!
The gnoll is almost dead.
A sleepcap comes into view.
You closely miss the gnoll.
The gnoll is almost dead.
The gnoll hits you with a +0 spear.
* * * LOW HITPOINT WARNING * * *
You closely miss the gnoll.
The gnoll is almost dead.
You barely miss the gnoll.
The gnoll is almost dead.
You block the gnoll's attack.
You hit the gnoll.
You kill the gnoll!
Trog accepts your kill.
Things that are here:
a +0 club; a +0 leather armour You feel a strong urge to attack something.
You are no longer berserk.
You are exhausted.
You feel yourself slow down.
Things that are here:
a +0 spear; a gnoll corpse You now have 264 gold pieces (gained 18).
You see here a +0 spear.
Items here: $ ))) [.
You impale the sleepcap!!
The sleepcap is severely damaged.
The sleepcap releases spores at you!
* * * LOW HITPOINT WARNING * * *
You are engulfed in a cloud of soporific spores!
You fall asleep.
The sleepcap releases spores at you!
You die...

,,* .#.#. *#.# #.
#.# .# . ,
...,*#..#
#.##.##.#
...g###'###..#*
#.......#
*#g.g......#
#>......#
##.###.)###
#.......# ##f#
##.....## , #)#
#.....#
#)###########.###
* #))...f@......#
###############


You could see a sleepcap.

Vanquished Creatures
  The ghost of Twiddyhohoho the Cutter, a novice KoEn of Sif Muna (D:5)
  A troll (D:5)
  A hornet (D:7)
  A yak (D:4)
  2 steam dragons
  A water moccasin (D:5)
  2 ice beasts
  An orc warrior (D:4)
  A black bear (D:5)
  2 ogres
  A centaur (D:7)
  A phantom (D:5)
  2 bullfrogs (D:7)
  2 scorpions
  2 gnoll sergeants
  4 wights (D:6)
  A howler monkey (D:5)
  3 jellies
  3 orc priests
  5 hounds
  2 gnoll boudas
  4 iguanas
  2 orc wizards (D:5)
  13 mummies
  14 gnolls
  7 adders
  2 shadow imps (D:7)
  4 white imps (D:7)
  An ufetubus (D:5)
  14 orcs
  3 endoplasms
  4 giant cockroaches
  3 goblins
  5 hobgoblins
  2 jackals (D:2)
  6 quokkas
  5 ball pythons
  2 bats
  2 gnoll skeletons (Ossuary)
  A goblin skeleton (Ossuary)
  A goblin zombie (D:5)
  5 kobolds
  2 kobold skeletons (Ossuary)
  3 orc skeletons (Ossuary)
  A rat (D:1)
  11 rat skeletons (Ossuary)
156 creatures vanquished.

Vanquished Creatures (others)
  An adder (D:6)
  A plant (D:6)
2 creatures vanquished.

Grand Total: 158 creatures vanquished

Notes
Turn   | Place    | Note
-------+----------+-------------------------------------------
     0 | D:1      | mopl the Meteoran Berserker began the quest for the Orb.
     0 | D:1      | Reached XP level 1. HP: 19/19 MP: 2/2
    75 | D:1      | Reached XP level 2. HP: 26/26 MP: 3/3
   261 | D:2      | Reached skill level 5 in Maces & Flails
   275 | D:2      | Reached XP level 3. HP: 15/31 MP: 4/4
   373 | D:1      | Reached ** piety under Trog
   532 | D:3      | Found Vothreol's Magic Scroll Shoppe.
   536 | D:3      | Bought a scroll of identify for 24 gold pieces
   536 | D:3      | Bought a scroll of amnesia for 48 gold pieces
   536 | D:3      | Bought a scroll of poison for 48 gold pieces
   602 | D:3      | Found Dedghi's General Store.
   620 | D:3      | Found Rohehuc's Magic Scroll Shoppe.
   627 | D:3      | Bought a scroll of noise for 13 gold pieces
   640 | D:3      | Reached skill level 6 in Maces & Flails
   640 | D:3      | Reached XP level 4. HP: 38/38 MP: 5/5
   682 | D:4      | Found a staircase to the Ecumenical Temple.
   720 | D:4      | Reached XP level 5. HP: 43/45 MP: 6/6
   814 | D:4      | Noticed a yak
   826 | D:4      | Reached skill level 7 in Maces & Flails
   831 | D:4      | Noticed an orc warrior
   851 | D:5      | Entered Level 5 of the Dungeon
   858 | D:5      | Reached XP level 6. HP: 41/51 MP: 7/7
   877 | D:5      | Reached skill level 8 in Maces & Flails
   927 | D:5      | Noticed a black bear
   937 | D:5      | Killed a black bear
   938 | D:5      | Reached skill level 9 in Maces & Flails
   938 | D:5      | Reached XP level 7. HP: 57/57 MP: 8/8
   969 | D:5      | Found a sand-covered staircase.
   980 | Ossuary  | Entered an ossuary
  1102 | Ossuary  | Reached skill level 10 in Maces & Flails
  1128 | Ossuary  | Reached *** piety under Trog
  1335 | D:5      | Noticed Twiddyhohoho's ghost (novice KoEn)
  1335 | D:5      | Noticed a troll
  1336 | D:5      | Found a runed translucent door.
  1365 | D:5      | Reached skill level 11 in Maces & Flails
  1365 | D:5      | Reached XP level 8. HP: 61/63 MP: 9/9
  1383 | D:5      | Killed a troll
  1384 | D:5      | Reached skill level 1 in Throwing
  1398 | D:5      | Killed Twiddyhohoho's ghost
  1399 | D:5      | Reached skill level 4 in Fighting
  1399 | D:5      | Reached skill level 2 in Throwing
  1399 | D:5      | Reached skill level 3 in Armour
  1399 | D:5      | Reached skill level 3 in Dodging
  1428 | D:5      | HP: 2/66 [ice beast (5)]
  1470 | D:5      | Gained mutation: You passively map the area around you.
                  | [Meteoran growth]
  1470 | D:5      | Reached XP level 9. HP: 42/71 MP: 10/10
  1605 | D:4      | Reached skill level 12 in Maces & Flails
  1605 | D:4      | Reached skill level 3 in Throwing
  1605 | D:4      | Reached skill level 4 in Armour
  1605 | D:4      | Reached skill level 4 in Dodging
  1848 | D:5      | Reached skill level 5 in Fighting
  1848 | D:5      | Reached skill level 13 in Maces & Flails
  1882 | D:5      | Reached skill level 4 in Throwing
  2018 | D:6      | Identified the staff of earth "Maar" {rN++ Will- MP+9}
  2233 | D:6      | Found a bloodstained altar of Trog.
  2243 | D:6      | Reached skill level 5 in Armour
  2254 | D:6      | Reached skill level 5 in Dodging
  2264 | D:6      | Reached XP level 10. HP: 81/81 MP: 11/11
  2369 | D:7      | Reached skill level 14 in Maces & Flails
  2369 | D:7      | Reached **** piety under Trog
  2432 | D:7      | Paralysed by a hornet for 2 turns
  2499 | D:6      | Reached skill level 5 in Throwing
  2612 | D:7      | Reached skill level 15 in Maces & Flails
  2631 | D:7      | Reached skill level 6 in Fighting
  2637 | D:7      | Reached skill level 6 in Armour
  2643 | D:7      | Reached skill level 6 in Dodging
  2671 | D:7      | Slain by a sleepcap

Illustrated notes

Levels and vault maps discovered:
D:1:      matt_arrival_diagonals, layout_rooms
D:2:      layout_rooms, minmay_domino_2
D:3:      layout_basic, serial_shops, shop, shop_scrolls,
          nicolae_shop_hallway_stairs, nicolae_shop_crystal,
          nicolae_shop_crystal
D:4:      layout_loops_ring, minmay_temple_entry_glass, minmay_manual_mail,
          uniq_grinder
D:5:      layout_loops_ring, nicolae_ossuary_entry_giza,
          ebering_ghost_inner_flame, nicolae_nh_ransacked_shop
D:6:      layout_gridville, mainiacjoe_overflow_tiny_flanked,
          kennysheep_small_square
D:7:      minmay_the_grid_octo_triangle [minmay_the_grid_octo_checkerflower,
          minmay_the_grid_octo_prize_star, minmay_the_grid_octo_horde],
          layout_loops_ring

Skill      XL: |  1  2  3  4  5  6  7  8  9 10 |
---------------+-------------------------------+-----
Maces & Flails | 5 6 7 9 11 13 15 | 15.3
Throwing       | 2 4 5 |  5.4
Fighting       | 4 5 6 |  6.0
Armour         | 3 5 6 |  6.0
Dodging        | 3 5 6 |  6.0

Action                     |  1- 3 |  4- 6 |  7- 9 | 10-12 || total
---------------------------+-------+-------+-------+-------++-------
  Melee: Mace              |    71 |       |       |       ||    71
         Flail             |     3 |    65 |   325 |       ||   393
         Punch             |       |     2 |     4 |     1 ||     7
         Morningstar       |       |       |       |    87 ||    87
 Invoke: Berserk           |     1 |     2 |     7 |     2 ||    12
    Use: Potion            |       |       |     1 |       ||     1
   Stab: Distracted        |       |       |       |     1 ||     1
 Armour: Animal skin       |     3 |       |       |       ||     3
         Ring mail         |    20 |    37 |    57 |       ||   114
         Plate armour      |       |       |    59 |    38 ||    97
         Chain mail        |       |       |     1 |       ||     1
  Dodge: Dodged            |    54 |    28 |   111 |    23 ||   216
  Block: Other             |       |       |       |     7 ||     7

Table legend: (Time is in decaauts)
 A = Elapsed time spent in this place.
 B = Non-inter-level travel time spent in this place.
 C = Inter-level travel time spent in this place.
 D = Time resting spent in this place.
 E = Time spent auto-exploring this place.
 F = Levels seen in this place.
 G = Mean time per level.
                   A        B        C        D        E       F      G
               +--------+--------+--------+--------+--------+-----+--------+
         Total |   2677 |   2580 |     97 |      0 |     20 |   8 |  334.6 |
       Dungeon |   2365 |   2268 |     97 |      0 |      0 |   7 |  337.9 |
       Ossuary |    312 |    312 |      0 |      0 |     20 |   1 |  312.0 |
               +--------+--------+--------+--------+--------+-----+--------+

Top non-repeatable levels by time:
     D:5: 620 daAuts
     D:4: 368 daAuts
     D:6: 353 daAuts
     D:7: 325 daAuts
 Ossuary: 312 daAuts
     D:2: 288 daAuts
     D:1: 225 daAuts
     D:3: 183 daAuts
